 Dungeon Crawl Stone Soup version 0.23.2-1-ga50397a (webtiles) character file.

Game seed: 17504118347783432946

7108 night the Martial Artist (level 10, -3/71 HPs)
             Began as a Pale Draconian Transmuter on Apr 29, 2019.
             Was a Priest of Sif Muna.
             Slain by a fire elemental (6 damage)
             ... led by Azrael
             ... on level 12 of the Dungeon.
             The game lasted 00:57:14 (11661 turns).

night the Martial Artist (DrTm)                    Turns: 11661, Time: 00:57:15

Health: -3/71      AC: 14    Str: 17    XL:     10   Next: 84%
Magic:  18/18      EV: 12    Int: 17    God:    Sif Muna [***...]
Gold:   299        SH:  0    Dex: 12    Spells: 6/20 levels left

rFire    . . .     SeeInvis .     - Unarmed
rCold    + . .     Gourm    +   (no shield)
rNeg     . . .     Faith    .   (armour unavailable)
rPois    .         Spirit   .   (helmet restricted)
rElec    .         Reflect  .   w - +0 cloak
rCorr    .         Harm     .   B - +0 pair of gloves
MR       .....                  (no boots)
Stlth    +.........             p - amulet of the gourmand
HPRegen  0.21/turn              l - +5 ring of protection
MPRegen  0.16/turn              j - ring of protection from cold

@: mighty, lethally poisoned (-3 -> -7), very slightly contaminated, slowed,
invisible, very slow
A: breathe steam, unfitting armour, cold-blooded, AC +7
a: Breathe Steam, Divine Energy, Channel Magic, Renounce Religion


You were on level 12 of the Dungeon.
You worshipped Sif Muna.
Sif Muna was most pleased with you.
You were very full.

You visited 2 branches of the dungeon, and saw 12 of its levels.

You collected 556 gold pieces.
You spent 257 gold pieces at shops.

Inventory:

Missiles
 a - 123 arrows
 f - 336 stones (quivered)
Armour
 w - a +0 cloak (worn)
 B - a +0 pair of gloves (worn)
 F - a +1 pair of gloves
Jewellery
 j - a ring of protection from cold (right hand)
 l - a +5 ring of protection (left hand)
 p - an amulet of the gourmand (around neck)
Wands
 h - a wand of polymorph (12)
 q - a wand of flame (18)
 C - a wand of random effects (17)
 E - a wand of paralysis (7)
Scrolls
 b - 6 scrolls of remove curse
 e - a scroll of teleportation
 n - 2 scrolls of identify
 r - 3 scrolls of magic mapping {unknown}
 t - 2 scrolls of enchant weapon {unknown}
 v - 3 scrolls of noise
 y - 2 scrolls of fear {unknown}
 D - a scroll of acquirement {unknown}
 G - a scroll of silence {unknown}
Potions
 d - 3 potions of lignification
 g - 3 potions of agility
 i - 2 potions of flight
 k - 5 potions of haste
 m - 2 potions of resistance
 o - 2 potions of berserk rage
 s - a potion of cancellation
 u - 2 potions of mutation
 A - a potion of degeneration
 H - a potion of brilliance
Comestibles
 c - 28 rations
 J - a chunk of flesh


   Skills:
 - Level 1.1 Fighting
 - Level 1.7 Dodging
 * Level 11.7 Unarmed Combat
 + Level 5.8 Spellcasting
 - Level 9.7 Transmutations
 + Level 4.4 Poison Magic


You had 6 spell levels left.
You knew the following spells:

 Your Spells              Type           Power        Failure   Level  Hunger
a - Beastly Appendage     Tmut           #####.       1%          1    None
b - Sticks to Snakes      Tmut           #####...     1%          2    #......
c - Blade Hands           Tmut           #####.....   7%          5    ######.
d - Mephitic Cloud        Conj/Pois/Air  #.......     22%         3    ##.....
e - Spider Form           Tmut/Pois      ####......   2%          3    ##.....

Your spell library contained the following spells:

 Spells                   Type           Power        Failure   Level  Hunger
 Sting                    Conj/Pois      ##..         5%          1    None
 Poisonous Vapours        Pois/Air       ##....       8%          2    #......
 Ice Form                 Ice/Tmut       ###.....     19%         4    ####...
 Olgreb's Toxic Radiance  Pois           ###.....     22%         4    ####...
 Venom Bolt               Conj/Pois      ##........   82%         5    ######.


Dungeon Overview and Level Annotations

Branches:
Dungeon (10/15)            Temple (1/1) D:4            Lair (0/6) D:9
    Orc (0/2) D:9

Altars:
Ashenzari
Cheibriados
Dithmenos
Elyvilon
Fedhas
Gozag
Hepliaklqana
Kikubaaqudgha
Makhleb
Nemelex Xobeh
Okawaru
Qazlal
Ru
Sif Muna
Trog
Uskayaw
Vehumet
Wu Jian
Xom
Yredelemnul
Zin
The Shining One

Shops:
D:5 !   D:12 [

Annotations:
D:12 Sonja


Innate Abilities, Weirdness & Mutations

You can breathe blasts of scalding, opaque steam.
Your pale cyan-grey scales are hard. (AC +7)
You cannot fit into any form of body armour.
You are cold-blooded and may be slowed by cold attacks.


Message History

The fire elemental closely misses you.
You feel sick. The fire elemental barely misses you.
You feel sick. The fire elemental closely misses you.
The fire elemental hits you. The fire elemental burns you!
* * * LOW HITPOINT WARNING * * *
You feel less invigorated.
You feel less confused.
You feel sick. The fire elemental closely misses you.
You feel sick. The fire elemental barely misses you.
The fire elemental hits you. The fire elemental burns you!
* * * LOW HITPOINT WARNING * * *
* * * LOW HITPOINT WARNING * * *
You feel sick.
The fire elemental barely misses you. x2
* * * LOW HITPOINT WARNING * * *
You feel sick. The fire elemental misses you.
* * * LOW HITPOINT WARNING * * *
You feel sick. The fire elemental hits you.
* * * LOW HITPOINT WARNING * * *
The fire elemental burns you!
You die...

#
################.#.#.
.......@EE°°°........
..#######☼.......#.#
#.####.#...# #.# .#
#.# #.# .# # # #.
.... #.# .# #E#####
#. #.# ... ..# .#
#...... ##.##..##..##
#.# ## #.##...
............ .
..oo...


You could see 2 fire elementals.

Vanquished Creatures
  A two-headed ogre (D:8)
  An ugly thing (D:12)
  A manticore (D:12)
  A hornet (D:8)
  Prince Ribbit (D:7)
  2 hippogriffs (D:8)
  A meliai zombie (D:12)
  A wyvern (D:12)
  4 porcupines (D:9)
  2 ice beasts (D:9)
  6 orc warriors
  2 black bears (D:9)
  A sky beast (D:8)
  3 phantoms
  2 ogres
  A necrophage (D:5)
  A centaur (D:7)
  A crocodile (D:9)
  A big kobold (D:6)
  7 bullfrogs
  A scorpion (D:7)
  3 wights (D:8)
  2 howler monkeys
  2 jellies
  2 crimson imps
  A quasit (D:9)
  3 hounds
  A bullfrog skeleton (D:5)
  5 orc priests
  3 centaur skeletons
  An iguana (D:5)
  11 orc wizards
  6 worker ants
  A killer bee zombie (D:8)
  A hound skeleton (D:4)
  A worker ant zombie (D:9)
  A howler monkey skeleton (D:4)
  10 adders
  A gnoll (D:3)
  2 oozes
  2 adder skeletons
  3 adder zombies
  3 worms
  13 leopard geckos
  36 orcs
  5 giant cockroaches
  4 goblins
  6 hobgoblins
  9 jackals
  17 kobolds
  4 quokkas
  9 bats
  6 frilled lizards
  A jackal skeleton (D:7)
  A quokka skeleton (D:4)
  11 rats
  A butterfly (D:5)
229 creatures vanquished.

Vanquished Creatures (collateral kills)
  An orc wizard (D:4)
1 creature vanquished.

Vanquished Creatures (others)
  8 fungi (D:9)
8 creatures vanquished.

Grand Total: 238 creatures vanquished

Notes
Turn   | Place    | Note
-------+----------+-------------------------------------------
     0 | D:1      | night the Draconian Transmuter began the quest for the Orb.
     0 | D:1      | Reached XP level 1. HP: 16/16 MP: 3/3
   135 | D:1      | Reached XP level 2. HP: 21/23 MP: 5/5
   144 | D:1      | Learned a level 2 spell: Sticks to Snakes
   870 | D:2      | Reached XP level 3. HP: 27/28 MP: 6/6
  1469 | D:2      | Found a snail-covered altar of Cheibriados.
  1469 | D:2      | Found a hazy altar of Hepliaklqana.
  1469 | D:2      | Found a shadowy altar of Dithmenos.
  1469 | D:2      | Found a radiant altar of Vehumet.
  1475 | D:2      | Found a white marble altar of Elyvilon.
  1475 | D:2      | Found a sparkling altar of Nemelex Xobeh.
  1971 | D:3      | Reached XP level 4. HP: 30/35 MP: 5/7
  2062 | D:3      | Reached skill level 4 in Unarmed Combat
  2580 | D:3      | Reached XP level 5. HP: 33/40 MP: 9/9
  3857 | D:4      | Reached XP level 6. HP: 47/47 MP: 10/10
  3884 | D:4      | Reached skill level 5 in Unarmed Combat
  3920 | D:4      | Found a staircase to the Ecumenical Temple.
  3930 | Temple   | Entered the Ecumenical Temple
  4146 | Temple   | Became a worshipper of Sif Muna the Loreminder
  4200 | D:4      | Found a bloodstained altar of Trog.
  4288 | D:4      | Learned a level 5 spell: Blade Hands
  4849 | D:5      | Entered Level 5 of the Dungeon
  4946 | D:5      | Reached skill level 5 in Transmutations
  5103 | D:5      | Found a shimmering altar of Xom.
  5162 | D:5      | Your scales start taking on a pale cyan-grey colour.
  5162 | D:5      | Reached XP level 7. HP: 49/51 MP: 12/12
  5284 | D:5      | Reached skill level 6 in Unarmed Combat
  5394 | D:5      | Reached * piety under Sif Muna
  5452 | D:5      | Learned a level 4 spell: Ice Form
  5976 | D:5      | Found Satsify's Distillery.
  5984 | D:5      | Bought a potion of heal wounds for 50 gold pieces
  6483 | D:6      | Reached XP level 8. HP: 58/58 MP: 13/13
  6561 | D:6      | Reached skill level 7 in Unarmed Combat
  7162 | D:7      | Noticed Prince Ribbit
  7276 | D:7      | Killed Prince Ribbit
  7635 | D:7      | Reached skill level 8 in Unarmed Combat
  8202 | D:8      | Reached XP level 9. HP: 54/63 MP: 14/14
  8207 | D:8      | Learned a level 3 spell: Spider Form
  8318 | D:8      | Noticed a two-headed ogre
  8351 | D:8      | HP: 2/63 [two-headed ogre/+0 dire flail (19)]
  8352 | D:8      | Killed a two-headed ogre
  8352 | D:8      | Reached ** piety under Sif Muna
  8352 | D:8      | Reached skill level 9 in Unarmed Combat
  9338 | D:8      | Reached skill level 10 in Unarmed Combat
  9685 | D:9      | Found a staircase to the Orcish Mines.
 10038 | D:8      | Reached skill level 1 in Poison Magic
 10276 | D:8      | Learned a level 3 spell: Mephitic Cloud
 10341 | D:9      | Reached XP level 10. HP: 59/71 MP: 5/16
 10405 | D:9      | Reached *** piety under Sif Muna
 10528 | D:9      | Found a staircase to the Lair.
 10988 | D:9      | Reached skill level 11 in Unarmed Combat
 10988 | D:9      | Reached skill level 5 in Spellcasting
 11101 | D:10     | Entered Level 10 of the Dungeon
 11428 | D:10     | You fall through a shaft for 2 floors!
 11446 | D:12     | Noticed a brown ugly thing
 11456 | D:12     | Killed a brown ugly thing
 11461 | D:12     | Noticed a manticore
 11489 | D:12     | Killed a manticore
 11618 | D:12     | Found Saugh's Armour Shop.
 11624 | D:12     | Bought a +1 pair of gloves for 207 gold pieces
 11648 | D:12     | Noticed Sonja
 11651 | D:12     | HP: 2/71 [poisoned by Sonja (curare-tipped needle)]
 11661 | D:12     | HP: 3/71 [fire elemental[Azrael] (1)]
 11661 | D:12     | Slain by a fire elemental

Skill      XL: |  1  2  3  4  5  6  7  8  9 10 |
---------------+-------------------------------+-----
Transmutations | 3 4 5 6 8 9 |  9.7
Unarmed Combat | 4 5 6 8 10 11 | 11.7
Spellcasting   | 3 4 5 |  5.8
Poison Magic   | 1 4 |  4.4
Fighting       | |  1.1
Dodging        | |  1.7

Action                   |  1- 3 |  4- 6 |  7- 9 | 10-12 || total
-------------------------+-------+-------+-------+-------++-------
Melee: Unarmed           |   181 |   393 |   328 |    99 ||  1001
       Tailslap          |    19 |    35 |    32 |     5 ||    91
       Kick              |     1 |     5 |     1 |       ||     7
       Headbutt          |     1 |     1 |     1 |       ||     3
       Punch             |       |     9 |     7 |     6 ||    22
Throw: Stone             |       |       |     3 |       ||     3
 Cast: Beastly Appendage |     3 |     4 |     4 |       ||    11
       Sticks to Snakes  |       |     2 |       |       ||     2
       Blade Hands       |       |       |     6 |    11 ||    17
       Spider Form       |       |       |     1 |       ||     1
 Abil: Breathe Steam     |       |       |    13 |     3 ||    16
Evoke: Wand              |       |       |     7 |     5 ||    12
  Use: Potion            |       |     1 |     4 |     4 ||     9
       Scroll            |       |       |     5 |    11 ||    16
 Stab: Sleeping          |       |     1 |     1 |     1 ||     3
  Eat: Chunk             |     6 |    18 |    21 |     8 ||    53
Armor: Skin              |    74 |   177 |   128 |    36 ||   415
Dodge: Dodged            |   143 |   197 |   179 |    56 ||   575
